 Dungeon Crawl Stone Soup version 0.21-a0-368-g45f8505 (webtiles) character file.

16836 Rhoefr the Martial Artist (level 12, -30/106 HPs)
             Began as a Pale Draconian Transmuter on Oct 14, 2017.
             Was a Priest of Wu Jian.
             Annihilated by Rupert
             ... wielding a +0 great sword of slicing
              (34 damage)
             ... on level 3 of the Lair of Beasts on Oct 15, 2017.
             The game lasted 01:07:10 (19495 turns).

Rhoefr the Martial Artist (DrTm)                   Turns: 19495, Time: 01:07:11

Health: -30/106    AC:  9    Str: 12    XL:     12   Next: 13%
Magic:  10/19      EV: 14    Int: 18    God:    Wu Jian [***...]
Gold:   637        SH:  0    Dex: 13    Spells: 6/21 levels left

rFire    . . .     SeeInvis .     - Unarmed
rCold    . . .     Gourm    +   (shield currently unavailable)
rNeg     . . .     Faith    .   (armour unavailable)
rPois    .         Spirit   .   (helmet restricted)
rElec    .         Reflect  .   G - +0 cloak
rCorr    .         Harm     .   (gloves currently unavailable)
MR       ++...                  (no boots)
Stlth    +.........             j - amulet of the gourmand
HPRegen  0.27/turn              v - ring of protection from magic
MPRegen  0.16/turn              s - ring of protection from magic

@: blade hands
A: breathe steam, unfitting armour, horns 1, cold-blooded, AC +8
a: Breathe Steam, End Transformation, Renounce Religion


You were on level 3 of the Lair of Beasts.
You worshipped Wu Jian.
Wu Jian was most pleased with you.
You were very full.
You had blades for hands.
You visited 3 branches of the dungeon, and saw 16 of its levels.

You collected 864 gold pieces.
You spent 227 gold pieces at shops.

Inventory:

Missiles
 a - 141 arrows
 J - 2 throwing nets
 N - 11 tomahawks (quivered)
Armour
 m - a +0 pair of gloves (melded)
 G - a +0 cloak (worn)
Jewellery
 i - an uncursed ring of protection from cold
 j - an amulet of the gourmand (around neck)
 s - a ring of protection from magic (right scythe-like blade)
 v - a ring of protection from magic (left scythe-like blade)
 x - an uncursed amulet of faith
 A - an uncursed amulet of rage {unknown}
 E - a +1 ring of protection
 K - an uncursed ring of positive energy
Wands
 o - a wand of digging (2/24)
 W - a wand of clouds (7/9)
 X - a wand of iceblast (10/15)
Scrolls
 e - 2 scrolls of magic mapping {!r}
 h - 3 scrolls of amnesia
 k - 5 scrolls of teleportation
 l - a scroll of brand weapon {unknown}
 n - 4 scrolls of remove curse {@r2}
 t - a scroll of recharging
 y - a scroll of fear
 B - a scroll of enchant armour {unknown}
 L - 3 scrolls of fog
 M - a scroll of blinking {!r}
 Y - a scroll of enchant weapon
Potions
 b - a potion of magic {unknown}
 d - 4 potions of agility
 g - 2 potions of berserk rage {!q}
 p - 4 potions of haste
 q - a potion of lignification {!q}
 r - 5 potions of brilliance
 w - a potion of curing {@q1}
 z - a potion of resistance
 C - 2 potions of flight {unknown}
 D - a potion of might
 F - a potion of mutation {!q}
 I - a potion of ambrosia {unknown}
 O - 3 potions of cancellation {unknown}
Comestibles
 c - 11 bread rations
 f - 13 meat rations
 u - 3 royal jellies
 H - 12 fruits


   Skills:
 - Level 10.0 Fighting
 - Level 5.0 Dodging
 + Level 12.3 Unarmed Combat
 - Level 5.1 Spellcasting
 - Level 10.0 Transmutations
 - Level 5.0 Evocations


You had 6 spell levels left.
You knew the following spells:

 Your Spells              Type           Power        Failure   Level  Hunger
a - Beastly Appendage     Tmut           #####.       9%          1    None
b - Spider Form           Tmut/Pois      ###.......   32%         3    ##.....
c - Ice Form              Ice/Tmut       ###.....     58%         4    ####...
s - Sticks to Snakes      Tmut           #####...     10%         2    #......
x - Blade Hands           Tmut           #####.....   36%         5    ######.


Dungeon Overview and Level Annotations

Branches:
Dungeon (12/15)            Temple (1/1) D:7            Lair (3/6) D:8
    Orc (0/2) D:10
  Swamp: Lair:2-4    Shoals: Lair:2-4     Snake: Lair:2-4    Spider: Lair:2-4

Altars:
Ashenzari
Cheibriados
Dithmenos
Elyvilon
Fedhas
Gozag
Hepliaklqana
Kikubaaqudgha
Makhleb
Nemelex Xobeh
Okawaru
Qazlal
Ru
Sif Muna
Trog
Uskayaw
Vehumet
Wu Jian
Xom
Yredelemnul
The Shining One

Shops:
D:4 =   D:6 *   D:7 *

Annotations:
D:1 exclusion: 3 downstairs
D:4 exclusion: downstairs
D:5 exclusion: downstairs
D:6 Drevant's ghost, novice MiBe
D:10 exclusion: orange crystal statue
D:11 exclusion: downstairs
Lair:2 WhatIsLove's ghost, journeyman GnAr
Lair:3 Rupert


Innate Abilities, Weirdness & Mutations

You can breathe blasts of scalding, opaque steam.
Your pale cyan-grey scales are hard. (AC +8)
You cannot fit into any form of body armour.
You are cold-blooded and may be slowed by cold attacks.
You have a pair of small horns on your head.


Message History

Your ball python bites Rupert but does no damage.
Your ball python constricts Rupert.
You take 31 damage, and have 36/106 hp.
MASSIVE DAMAGE!!
You slice Rupert!!
Rupert is severely wounded.
Rupert hits you with a great sword of slicing!!
* * * LOW HITPOINT WARNING * * *
x2 Your ball python bites Rupert but does no damage.
Your ball python constricts Rupert.
You take 32 damage, and have 4/106 hp.
MASSIVE DAMAGE!!
You slice Rupert!!
Rupert is almost dead.
Rupert closely misses you.
You slash Rupert! Your headbutt misses Rupert.
You tail-slap Rupert, but do no damage.
Rupert is almost dead.
Your ball python bites Rupert but does no damage.
Your ball python constricts Rupert.
Rupert hits you with a great sword of slicing!!
You die...

### ### ###.## #####.##
###$..P## ##.#....##
#.......# ##.........
+.......# ##..........
#..#.D..@@## #...........
PP......$.S###.#.........
P.P............+.........
.PPP......P..#...........
##........######.........
#..#......P #......... #.
#(.....## ......... .
P.......# #P.P##.P
.......... ... ...


You could see Rupert (berserk), a seven-headed hydra and a friendly ball python.

Vanquished Creatures
  2 two-headed ogres
  A manticore (D:11)
  4 elephants (Lair:3)
  Maurice (D:7)
  A black mamba (Lair:3)
  2 spiny frogs (Lair:1)
  A rime drake (Lair:1)
  A troll (D:10)
  Grinder (D:6)
  A hornet (D:10)
  3 hippogriffs
  A shadow (D:11)
  2 wraiths (D:11)
  A human (D:7)
  11 yaks
  3 hogs (D:7)
  3 hungry ghosts (D:10)
  2 wyverns
  Menkaure (D:5)
  5 water moccasins
  5 ice beasts
  4 orc warriors
  A black bear (D:10)
  11 sky beasts
  Purgy (D:3)
  2 phantoms
  6 ogres
  5 wolves (Lair:2)
  2 centaurs
  3 crocodiles
  2 big kobolds
  9 bullfrogs
  The ghost of Leas the Vexing, an amateur SpEn (D:3)
  A wyvern skeleton (D:11)
  A troll zombie (D:10)
  6 scorpions
  9 killer bees
  9 howler monkeys
  11 wights
  6 crimson imps
  5 hounds
  3 quasits
  6 orc priests
  A gnoll shaman (D:8)
  2 jellies (D:10)
  2 centaur skeletons
  A bullfrog skeleton (D:8)
  Crazy Yiuf (D:4)
  Jessica (D:3)
  4 iguanas
  8 orc wizards
  8 worker ants
  7 ogre zombies (D:10)
  A hound skeleton (D:7)
  A worker ant zombie (D:6)
  10 adders
  8 gnolls
  4 shadow imps
  An ooze (D:3)
  An adder zombie (D:9)
  2 dart slugs (D:1)
  2 worms
  9 leopard geckos
  32 orcs
  4 bats
  A giant cockroach (D:2)
  11 goblins
  11 hobgoblins
  21 jackals
  6 quokkas
  A ball python (D:4)
  A ball python skeleton (D:5)
  2 frilled lizards
  A goblin skeleton (D:10)
  5 hobgoblin zombies (D:10)
  16 kobolds
  A leopard gecko skeleton (D:4)
  5 orc skeletons (D:10)
  13 orc zombies (D:10)
  A quokka skeleton (D:5)
  9 rats
371 creatures vanquished.

Vanquished Creatures (collateral kills)
  A centaur (D:5)
  Robin (D:1)
  2 gnolls (D:4)
  An adder (Lair:2)
  A leopard gecko (D:4)
  An orc (D:8)
  A hobgoblin (D:1)
  A goblin (D:1)
9 creatures vanquished.

Vanquished Creatures (others)
  A plant (Lair:2)
1 creature vanquished.

Grand Total: 381 creatures vanquished

Notes
Turn   | Place    | Note
-------+----------+-------------------------------------------
     0 | D:1      | Rhoefr the Draconian Transmuter began the quest for the Orb.
     0 | D:1      | Reached XP level 1. HP: 16/16 MP: 3/3
   331 | D:1      | Reached XP level 2. HP: 23/23 MP: 3/5
   752 | D:1      | Learned a level 2 spell: Sticks to Snakes
   852 | D:1      | Reached skill level 4 in Unarmed Combat
  1220 | D:1      | Reached XP level 3. HP: 28/28 MP: 6/6
  1472 | D:2      | Noticed Robin
  1635 | D:1      | Killed Robin
  2082 | D:1      | Reached XP level 4. HP: 14/35 MP: 5/7
  3109 | D:2      | Reached XP level 5. HP: 22/40 MP: 4/8
  3491 | D:3      | Reached skill level 5 in Unarmed Combat
  3525 | D:3      | Noticed Jessica
  3543 | D:3      | Killed Jessica
  3611 | D:3      | Learned a level 3 spell: Spider Form
  3656 | D:3      | Noticed Leas's ghost (amateur SpEn)
  3679 | D:3      | Killed Leas's ghost
  3741 | D:3      | Noticed a sky beast
  3766 | D:3      | Killed a sky beast
  3766 | D:3      | Reached skill level 6 in Unarmed Combat
  3766 | D:3      | Reached XP level 6. HP: 29/47 MP: 6/9
  4188 | D:3      | Noticed Purgy
  4204 | D:3      | Killed Purgy
  4240 | D:3      | You fall through a shaft for 3 floors!
  4240 | D:6      | Found Wuunyihi's Assorted Antiques.
  4243 | D:6      | Bought 3 scrolls labeled ZILAXTORAPN for 72 gold pieces
  4263 | D:5      | Entered Level 5 of the Dungeon
  4265 | D:5      | Noticed a sky beast
  4380 | D:6      | Killed a sky beast
  4380 | D:6      | Reached skill level 7 in Unarmed Combat
  4380 | D:6      | Your scales start taking on a pale cyan-grey colour.
  4380 | D:6      | Reached XP level 7. HP: 16/52 MP: 8/10
  4759 | D:5      | Reached skill level 8 in Unarmed Combat
  5133 | D:5      | Reached skill level 9 in Unarmed Combat
  5133 | D:5      | Reached XP level 8. HP: 50/59 MP: 11/11
  5934 | D:4      | Found Nantih's Jewellery Emporium.
  6167 | D:4      | Found a runed door.
  6313 | D:4      | Noticed Crazy Yiuf
  6326 | D:4      | Killed Crazy Yiuf
  6571 | D:5      | Found a shattered altar of Ashenzari.
  6575 | D:5      | Saw a vision of the Shoals and the Snake Pit.
  6575 | D:5      | Noticed a merfolk siren
  6575 | D:5      | Noticed a naga warrior
  6575 | D:5      | Noticed a hippogriff
  6575 | D:5      | Noticed a naga mage
  6575 | D:5      | Noticed a merfolk
  6575 | D:5      | Noticed a naga warrior
  6575 | D:5      | Noticed a merfolk
  6575 | D:5      | Noticed a merfolk siren
  6575 | D:5      | Noticed a naga warrior
  6575 | D:5      | Noticed a shock serpent
  6575 | D:5      | Noticed a merfolk
  6575 | D:5      | Noticed a salamander
  6576 | D:5      | Noticed a merfolk
  6576 | D:5      | Noticed a guardian serpent
  6576 | D:5      | Noticed a merfolk siren
  6838 | D:5      | Noticed Menkaure
  6842 | D:5      | Killed Menkaure
  6842 | D:5      | Reached skill level 5 in Transmutations
  7114 | D:6      | Noticed Grinder
  7132 | D:6      | Reached skill level 10 in Unarmed Combat
  7145 | D:6      | Killed Grinder
  7347 | D:6      | Reached XP level 9. HP: 66/71 MP: 10/12
  7363 | D:6      | Learned a level 5 spell: Blade Hands
  7630 | D:6      | Noticed Drevant's ghost (novice MiBe)
  8062 | D:6      | Reached skill level 5 in Fighting
  8617 | D:7      | Gained mutation: You have a pair of large horns on your head. [potion of mutation]
  8661 | D:7      | Found a staircase to the Ecumenical Temple.
  8671 | Temple   | Entered the Ecumenical Temple
  9018 | Temple   | Became a worshipper of the Wu Jian Council
  9317 | D:7      | Found Tonkip's Assorted Antiques.
  9325 | D:7      | Bought a potion of heal wounds for 155 gold pieces
 10360 | D:8      | Found a staircase to the Lair.
 10390 | D:8      | Noticed a two-headed ogre
 10398 | D:8      | Noticed Maurice
 10719 | D:5      | Upgraded the game from 0.21-a0-364-gbd1fde4 to 0.21-a0-368-g45f8505
 11305 | D:7      | Reached * piety under Wu Jian
 11305 | D:7      | Reached XP level 10. HP: 60/83 MP: 14/16
 12185 | D:7      | Found Tonkip's Assorted Antiques.
 12272 | D:7      | Killed Maurice
 12413 | D:8      | Killed a two-headed ogre
 12413 | D:8      | Reached skill level 5 in Spellcasting
 13240 | D:9      | Reached skill level 10 in Transmutations
 13286 | D:9      | Reached skill level 1 in Evocations
 13581 | D:9      | Reached ** piety under Wu Jian
 13745 | D:9      | Noticed a two-headed ogre
 13759 | D:9      | Killed a two-headed ogre
 13878 | D:9      | Found a burning altar of Makhleb.
 14185 | D:10     | Entered Level 10 of the Dungeon
 14303 | D:10     | Reached XP level 11. HP: 32/92 MP: 12/18
 14660 | D:10     | Found a staircase to the Orcish Mines.
 14771 | D:10     | Reached *** piety under Wu Jian
 15262 | D:10     | Reached skill level 5 in Evocations
 15264 | D:10     | Found a basalt altar of Yredelemnul.
 15391 | D:10     | Noticed an orange crystal statue
 15455 | D:10     | Reached skill level 5 in Dodging
 15645 | D:10     | Reached **** piety under Wu Jian
 16312 | D:11     | Learned a level 4 spell: Ice Form
 16858 | D:11     | Reached skill level 10 in Fighting
 17552 | Lair:1   | Entered Level 1 of the Lair of Beasts
 17775 | Lair:1   | Reached skill level 11 in Unarmed Combat
 18413 | Lair:1   | You fall through a shaft!
 18413 | Lair:2   | Noticed a six-headed hydra
 18420 | Lair:2   | Noticed WhatIsLove's ghost (journeyman GnAr)
 18515 | Lair:2   | HP: 1/99 [wolf (9)]
 18760 | Lair:3   | Reached ***** piety under Wu Jian
 19097 | Lair:3   | Reached XP level 12. HP: 77/106 MP: 14/19
 19101 | Lair:3   | Reached skill level 12 in Unarmed Combat
 19474 | Lair:3   | Noticed Rupert
 19492 | Lair:3   | Noticed a seven-headed hydra
 19493 | Lair:3   | HP: 4/106 [Rupert/great sword of slicing (6)]
 19495 | Lair:3   | Annihilated by Rupert

Vault maps used:
D:1:      nicolae_arrival_memento_mori
D:2:      uniq_robin
D:3:      zin_scriptorium, first_bread, serial_bayou, serial_bayou_pond_a,
          serial_bayou_lake_a, serial_bayou_pond_e, serial_bayou_pond_e,
          serial_bayou_pond_c, kennysheep_generic_room_9, uniq_ijyb, uniq_purgy,
          uniq_jessica
D:4:      wad_lake_hut, serial_shops, nicolae_shop_statue_plus,
          uniq_crazy_yiuf_cottage
D:5:      grunt_ashenzari_visionary, uniq_menkaure
D:6:      serial_shops, nicolae_shop_crystal, uniq_grinder
D:7:      minmay_temple_entry_junction_2, serial_shops, nicolae_shop_stone
D:8:      lair_entry_dummy, grunt_livestock, uniq_maurice
D:9:      basic_altar
D:10:     zombieorc2_lemuel, basic_altar, minivault_15
D:11:     minivault_11, corexii_leaking_fountain, hangedman_decor_riveting
D:12:     okawaru_ov_weapons_minmay, uniq_harold, uniq_azrael
Temple:   regret_index_temple_sigil_plot
Lair:1:   infiniplex_staircase_pool_2
Lair:2:   elwin_shoals_entry_rooms, minmay_snake_entry_six_corridors
Lair:3:   serial_forest, infiniplex_forest_clump_double,
          infiniplex_forest_clump_long, infiniplex_forest_clump_curved,
          infiniplex_forest_lined_3, infiniplex_forest_lined_ring,
          infiniplex_forest_clump_cross, infiniplex_forest_clump_small,
          uniq_rupert

Skill      XL: |  1  2  3  4  5  6  7  8  9 10 11 12 |
---------------+-------------------------------------+-----
Unarmed Combat | 4 6 7 9 10 11 12 | 12.3
Transmutations | 3 4 5 8 10 | 10.0
Fighting       | 4 6 7 10 | 10.0
Spellcasting   | 4 5 |  5.1
Dodging        | 3 5 |  5.0
Evocations     | 4 5 |  5.0

Action                   |  1- 3 |  4- 6 |  7- 9 | 10-12 || total
-------------------------+-------+-------+-------+-------++-------
Melee: Unarmed           |   148 |   180 |   410 |   592 ||  1330
       Tailslap          |    16 |    13 |    47 |    44 ||   120
       Kick              |    12 |     6 |    37 |     9 ||    64
       Headbutt          |     2 |     7 |    44 |    54 ||   107
       Punch             |     2 |     2 |    10 |     8 ||    22
Throw: Tomahawk          |       |       |     4 |       ||     4
 Cast: Beastly Appendage |    18 |    19 |    60 |    11 ||   108
       Sticks to Snakes  |     3 |     7 |    13 |    16 ||    39
       Blade Hands       |       |       |       |    41 ||    41
       Ice Form          |       |       |       |     3 ||     3
Invok: Heavenly Storm    |       |       |       |     1 ||     1
Evoke: Wand              |       |       |     6 |     2 ||     8
  Use: Scroll            |     4 |     4 |     6 |    10 ||    24
       Potion            |       |     3 |     3 |     3 ||     9
 Stab: Sleeping          |     1 |       |       |     1 ||     2
       Distracted        |       |     2 |     1 |     2 ||     5
  Eat: Chunk             |     5 |    12 |    21 |    43 ||    81
       Meat ration       |       |     1 |       |       ||     1
       Royal jelly       |       |       |       |     5 ||     5
Armor: Skin              |    78 |    60 |   131 |   137 ||   406
Dodge: Dodged            |   137 |   124 |   227 |   292 ||   780

Table legend:
 A = Spawn XP
 B = Non-spawn XP
 C = Spawn XP percentage of total XP
 D = Spawn monster count
 E = Non-spawn monster count
 F = Spawn count percentage of total count
 G = Total turns spent on level
                    A         B        C        D         E        F      G
               +---------+---------+-------+---------+---------+-------+---------
         Total |       0 |   24052 |   0.0 |       0 |     380 |   0.0 | 19495
               +---------+---------+-------+---------+---------+-------+---------
           D:1 |       0 |     119 |   0.0 |       0 |      43 |   0.0 |  2723
           D:2 |       0 |      94 |   0.0 |       0 |      19 |   0.0 |   761
           D:3 |       0 |     407 |   0.0 |       0 |      21 |   0.0 |   756
           D:4 |       0 |     229 |   0.0 |       0 |      13 |   0.0 |   905
           D:5 |       0 |    1247 |   0.0 |       0 |      23 |   0.0 |  2123
           D:6 |       0 |    1280 |   0.0 |       0 |      26 |   0.0 |  1462
           D:7 |       0 |    1996 |   0.0 |       0 |      26 |   0.0 |  2566
           D:8 |       0 |    2308 |   0.0 |       0 |      40 |   0.0 |  1596
           D:9 |       0 |    2827 |   0.0 |       0 |      32 |   0.0 |  1151
          D:10 |       0 |    4195 |   0.0 |       0 |      75 |   0.0 |  1662
          D:11 |       0 |    2274 |   0.0 |       0 |      25 |   0.0 |  1391
          D:12 |       0 |     275 |   0.0 |       0 |       5 |   0.0 |    73
        Lair:1 |       0 |    2939 |   0.0 |       0 |      14 |   0.0 |   861
        Lair:2 |       0 |     861 |   0.0 |       0 |       8 |   0.0 |   176
        Lair:3 |       0 |    3001 |   0.0 |       0 |      10 |   0.0 |   906
               +---------+---------+-------+---------+---------+-------+---------
